 Dungeon Sprint DCSS version 0.21.1-1-g345015f (webtiles) character file.

1213 sankara the Thrower (level 8, -5/84 HPs)
             Began as a Troll Hunter on Apr 4, 2018.
             Was a Believer of Okawaru.
             Slain by a centaur warrior (6 damage)
             ... in the Dungeon (Sprint I: "Red Sonja").
             The game lasted 00:04:48 (335 turns).

sankara the Thrower (Troll Hunter)                   Turns: 335, Time: 00:04:48

Health: -5/84      AC:  5    Str: 23    XL:     8   Next: 22%
Magic:  7/7        EV: 12    Int:  7    God:    Okawaru [**....]
Gold:   213        SH:  0    Dex: 10    Spells: 7/7 levels left

rFire    + . .     SeeInvis .   n - +0 giant club
rCold    + . .     Gourm    +   (shield currently unavailable)
rNeg     . . .     Faith    .   a - +0 robe
rPois    .         Spirit   .   (helmet restricted)
rElec    .         Reflect  .   m - scarf {rC+ rF+}
rCorr    .         Harm     .   (gloves unavailable)
MR       .....     NoTele   +   (boots unavailable)
Stlth    +.........             (no amulet)
HPRegen  0.64/turn              (no ring)
MPRegen  0.10/turn              (no ring)

@: no status effects
A: large, unfitting armour, claws 3, fast metabolism 3, gourmand, regeneration
1, shaggy fur 1, tough skin 2
a: Heroism, Renounce Religion


You were in the Dungeon.
You worshipped Okawaru.
Okawaru was pleased with you.
You were not hungry.

You visited 1 branch You collected 405 gold pieces.
You spent 192 gold pieces at shops.

Inventory:

Hand Weapons
 b - a +0 short sword
 l - a +0 club
   (You took it off Ijyb in the Dungeon)
 n - a +0 giant club (weapon)
   (You took it off an ogre in the Dungeon)
Missiles
 c - a large rock (quivered) {!d}
 d - 2 throwing nets {=f, !d}
Armour
 a - a +0 robe (worn)
 m - a scarf of resistance (worn)
   (You bought it in a shop in the Dungeon)
Scrolls
 k - a scroll of blinking {!r}
Potions
 e - a potion of curing
 g - a potion of heal wounds
 h - a potion of haste
 i - 2 potions of magic
 j - a potion of berserk rage {!q}
Comestibles
 f - 2 rations


   Skills:
 + Level 6.8 Fighting
 * Level 8.3 Maces & Flails
 * Level 10.9 Throwing
 + Level 6.8 Dodging
 - Level 0.3 Stealth


You had 7 spell levels left.
You didn't know any spells.

Dungeon Overview and Level Annotations

Branches:
Dungeon (1/1)

Altars:
Cheibriados
Dithmenos
Elyvilon
Fedhas
Gozag
Hepliaklqana
Kikubaaqudgha
Makhleb
Nemelex Xobeh
Okawaru
Qazlal
Ru
Sif Muna
Trog
Uskayaw
Vehumet
Wu Jian
Xom
Yredelemnul
Zin
The Shining One
Jiyva
Lugonu

Shops:
D [


Innate Abilities, Weirdness & Mutations

You are too large for most types of armour.
You have claws for hands.
Your metabolism is lightning-fast.
You like to eat raw meat.
Your natural rate of healing is unusually fast.
You are covered in fur. (AC +1)
You have very tough skin. (AC +2)


Message History

The kobold demonologist hits you but does no damage.
You bludgeon the kobold demonologist!!
The kobold demonologist is severely wounded.
The kobold demonologist hits you but does no damage.
You miss the kobold demonologist.
The kobold demonologist is severely wounded.
The kobold demonologist hits you but does no damage.
You bludgeon the kobold demonologist!!
You kill the kobold demonologist!
Okawaru is honoured by your kill.
The neqoxec disappears in a puff of smoke!
The crimson imp disappears in a puff of smoke!
The shadow imp disappears in a puff of smoke!
Your Maces & Flails skill increases to level 8!
You have reached level 8!
c - a large rock {!d}
There is an open door, spattered with blood here.
Things that are here:
a dagger; a robe
c - 2 large rocks {!d} (gained 1)
c - 3 large rocks {!d} (gained 1)
There is an open door, spattered with blood here.
Things that are here:
a dagger; a robe
c - 5 large rocks {!d} (gained 2)
Things that are here:
a dagger; a robe
There is an open door, spattered with blood here.
Things that are here:
a dagger; a robe
Things that are here:
a dagger; a robe
There is an open door, spattered with blood here.
Things that are here:
a dagger; a robe
There is an open door here.
There is an open door here.
There is an open door here.
You see here a naga barding.
You see here a falchion.
You open the door. 2 centaur warriors come into view.
There is an open door here.
The centaur warrior shouts!
The centaur warrior wields a shortbow.
The centaur warrior shoots an arrow.
The arrow hits you!
You see here a falchion.
As you close the door, pushing everything out of the way, it creaks loudly!
Things that are here:
an arrow; a falchion You see here a naga barding.
You start resting.
Something unseen opens the door.
Throwing (i - inventory. (,) - cycle):
c - 5 large rocks (quivered)
{!d}
Press: ? - help, Shift-Dir - straight line, f - centaur warrior
Aim: a centaur warrior, wielding a shortbow (purple smoke)
You throw a large rock {!d}.
The large rock {!d} barely misses the centaur warrior.
The centaur warrior shoots an arrow.
The arrow hits you!
The centaur warrior shoots an arrow.
The arrow hits you!!
The centaur warrior unwields an uncursed shortbow.
The centaur warrior hits you!
Things that are here:
an arrow; a falchion You hit the centaur warrior but do no damage.
The centaur warrior misses you.
The centaur warrior hits you but does no damage.
You sock the centaur warrior!
The centaur warrior is moderately wounded.
The centaur warrior closely misses you. The centaur warrior hits you.
You closely miss the centaur warrior.
The centaur warrior is moderately wounded.
The centaur warrior barely misses you.
Throwing (i - inventory. (,) - cycle):
c - 4 large rocks (quivered)
{!d}
Press: ? - help, Shift-Dir - straight line, f/p - centaur warrior
Aim: a centaur warrior (moderately wounded)
You throw a large rock {!d}.
The large rock {!d} hits the centaur warrior!
The centaur warrior is heavily wounded.
The centaur warrior hits you. x2
* * * LOW HITPOINT WARNING * * *
The centaur warrior completely misses you.
Throwing (i - inventory. (,) - cycle):
c - 3 large rocks (quivered)
{!d}
Press: ? - help, Shift-Dir - straight line, f/p - centaur warrior
Aim: a centaur warrior (heavily wounded)
You throw a large rock {!d}.
The large rock {!d} hits the centaur warrior.
The centaur warrior is heavily wounded.
The centaur warrior hits you!
* * * LOW HITPOINT WARNING * * *
The centaur warrior closely misses you.
Throwing (i - inventory. (,) - cycle):
c - 2 large rocks (quivered)
{!d}
Press: ? - help, Shift-Dir - straight line, f/p - centaur warrior
Aim: a centaur warrior (purple smoke, heavily wounded)
You throw a large rock {!d}.
The large rock {!d} barely misses the centaur warrior.
You hear a splash.
The centaur warrior hits you!
* * * LOW HITPOINT WARNING * * *
The centaur warrior hits you.
You die...

##########################
#<.#..'..#..'..#__#..)...#
#..[..#..').#..'..'.)#...#
#..#####'#####'#__####...+
#..####..#...#(####§$#####
#..#__####..##@#≈≈§§c#
#..#_____##'#_.c§§§§§+
#⌠⌠#_.∩...'..._#§§≈§.#
####_..__##_.#'##+####
#_____###+#[# ####### ###


You could see a centaur warrior.

Vanquished Creatures
  2 kobold demonologists (D)
  A slime creature (D)
  Sigmund (D)
  A yak (D)
  A floating eye (D)
  An ogre (D)
  A jelly (D)
  Ijyb (D)
9 creatures vanquished.

Notes
Turn   | Place    | Note
-------+----------+-------------------------------------------
     0 | D        | sankara the Troll Hunter began the quest for the Orb.
     0 | D        | Reached XP level 1. HP: 19/19 MP: 0/0
     2 | D        | Noticed Ijyb
     6 | D        | Killed Ijyb
     6 | D        | Reached skill level 2 in Fighting
     6 | D        | Reached skill level 5 in Throwing
     6 | D        | Reached skill level 2 in Dodging
     6 | D        | Reached XP level 2. HP: 29/29 MP: 1/1
    19 | D        | Noticed an ogre
    21 | D        | Killed an ogre
    21 | D        | Reached skill level 4 in Fighting
    21 | D        | Reached skill level 7 in Throwing
    21 | D        | Reached skill level 4 in Dodging
    21 | D        | Reached XP level 3. HP: 39/39 MP: 2/2
    21 | D        | Reached XP level 4. HP: 48/48 MP: 3/3
    36 | D        | Noticed Sigmund
    44 | D        | HP: 12/48 [Sigmund/scythe (11)]
    45 | D        | Killed Sigmund
    45 | D        | Reached skill level 4 in Maces & Flails
    45 | D        | Reached skill level 8 in Throwing
    45 | D        | Reached skill level 5 in Dodging
    45 | D        | Reached XP level 5. HP: 14/55 MP: 4/4
    45 | D        | Reached XP level 6. HP: 16/65 MP: 5/5
   137 | D        | Found an ornate altar of the Wu Jian Council.
   137 | D        | Found a deep blue altar of Sif Muna.
   140 | D        | Found a radiant altar of Vehumet.
   141 | D        | Reached skill level 5 in Fighting
   164 | D        | Found Hasih's Antique Armour Emporium.
   164 | D        | Found an ancient bone altar of Kikubaaqudgha.
   164 | D        | Found a hazy altar of Hepliaklqana.
   164 | D        | Found a stormy altar of Qazlal.
   164 | D        | Found a hide-covered altar of Uskayaw.
   164 | D        | Found a blossoming altar of Fedhas.
   164 | D        | Found a bloodstained altar of Trog.
   164 | D        | Found an iron altar of Okawaru.
   164 | D        | Found a basalt altar of Yredelemnul.
   164 | D        | Found a glowing golden altar of the Shining One.
   164 | D        | Found a snail-covered altar of Cheibriados.
   164 | D        | Found a sacrificial altar of Ru.
   164 | D        | Found a glowing silver altar of Zin.
   164 | D        | Found a shadowy altar of Dithmenos.
   164 | D        | Found a white marble altar of Elyvilon.
   164 | D        | Noticed a yak
   167 | D        | Killed a yak
   167 | D        | Reached skill level 5 in Maces & Flails
   167 | D        | Reached skill level 9 in Throwing
   168 | D        | Found an opulent altar of Gozag.
   170 | D        | Found a sparkling altar of Nemelex Xobeh.
   174 | D        | Bought a runed scarf for 192 gold pieces
   180 | D        | Became a worshipper of Warmaster Okawaru
   200 | D        | Found a burning altar of Makhleb.
   200 | D        | Found a viscous altar of Jiyva.
   200 | D        | Found a shimmering altar of Xom.
   200 | D        | Found a corrupted altar of Lugonu.
   200 | D        | Noticed a slime creature
   205 | D        | Killed a slime creature
   205 | D        | Reached skill level 6 in Maces & Flails
   205 | D        | Reached skill level 6 in Dodging
   205 | D        | Reached XP level 7. HP: 45/74 MP: 6/6
   263 | D        | Noticed a kobold demonologist
   264 | D        | Noticed a kobold demonologist
   264 | D        | Reached * piety under Okawaru
   264 | D        | Reached skill level 6 in Fighting
   264 | D        | Reached skill level 7 in Maces & Flails
   264 | D        | Reached skill level 10 in Throwing
   265 | D        | Noticed a neqoxec
   267 | D        | Noticed a sun demon
   270 | D        | Killed a kobold demonologist
   277 | D        | Killed a kobold demonologist
   277 | D        | Reached ** piety under Okawaru
   277 | D        | Reached skill level 8 in Maces & Flails
   277 | D        | Reached XP level 8. HP: 75/84 MP: 5/7
   305 | D        | Noticed a centaur warrior
   305 | D        | Noticed a centaur warrior
   334 | D        | HP: 14/84 [centaur warrior (12)]
   335 | D        | HP: 1/84 [centaur warrior (14)]
   335 | D        | Slain by a centaur warrior

Skill      XL: |  1  2  3  4  5  6  7 |
---------------+----------------------+-----
Fighting       | 2 4 5 6 |  6.8
Throwing       | 5 7 8 9 10 | 10.9
Dodging        | 2 4 5 6 |  6.8
Maces & Flails | 4 6 8 |  8.3
Stealth        | |  0.3

Action                   |  1- 3 |  4- 6 |  7- 9 || total
-------------------------+-------+-------+-------++-------
Melee: Giant club        |       |     9 |    11 ||    20
Throw: Large rock        |     6 |     9 |     9 ||    24
Invok: Heroism           |       |       |     1 ||     1
  Eat: Chunk             |       |     3 |       ||     3
Armor: Robe              |     3 |       |     5 ||     8
Dodge: Dodged            |       |     6 |    11 ||    17

Vault maps used:
D:        dungeon_sprint_1

Table legend:
 A = Turns spent in this place as a percentage of turns spent in the entire game.
 B = Non-inter-level travel turns spent in this place as a percentage of non-inter-level travel turns spent in the entire game.
 C = Inter-level travel turns spent in this place as a percentage of turns spent in this place.
 D = Turns resting spent in this place as a percentage of non-inter-level travel turns spent in this place.
 E = Turns spent auto-exploring this place as a percentage of non-inter-level travel turns spent in this place.
 F = Non-inter-level travel turns spent in this place divided by the number of levels of this place that you've seen.
                   A       B       C       D       E      F
               +-------+-------+-------+-------+-------+----------------------
         Total | 100.0 | 100.0 |   0.0 |  34.0 |   0.0 | 335.0
       Dungeon | 100.0 | 100.0 |   0.0 |  34.0 |   0.0 | 335.0
               +-------+-------+-------+-------+-------+----------------------

Table legend:
 A = Kills in this place as a percentage of kills in entire the game.
 B = Kills by you in this place as a percentage of kills by you in the entire game.
 C = Kills by friends in this place as a percentage of kills by friends in the entire game.
 D = Other kills in this place as a percentage of other kills in the entire game.
 E = Experience gained in this place as a percentage of experience gained in the entire game.
 F = Experience gained in this place divided by the number of levels of this place that you have seen.
                   A       B       C       D       E      F
               +-------+-------+-------+-------+-------+----------------------
         Total | 100.0 | 100.0 |   N/A |   N/A | 100.0 | 1733.0
       Dungeon | 100.0 | 100.0 |   N/A |   N/A | 100.0 | 1733.0
               +-------+-------+-------+-------+-------+----------------------
